 Dungeon Crawl Stone Soup version 0.26.1-2-gb8aa6d0cf2 (webtiles) character file.

Game seed: 5689395016510418017

32 FishyPogo the Skirmisher (level 3, -2/39 HPs)
             Began as an Ogre Wanderer on Feb 18, 2021.
             Killed by nerve-wracking pain
             ... invoked by Jessica
              (11 damage)
             ... on level 2 of the Dungeon.
             The game lasted 00:06:25 (1335 turns).

FishyPogo the Skirmisher (Ogre Wanderer)            Turns: 1335, Time: 00:06:26

Health: -2/39      AC:  3    Str: 18    XL:     3   Next: 27%
Magic:  1/4        EV:  9    Int: 11    God:
Gold:   43         SH:  0    Dex:  9    Spells: 3/4 levels left

rFire    . . .     SeeInvis .   a - +0 mace
rCold    + . .     Faith    .   (no shield)
rNeg     . . .     Spirit   .   e - +0 robe
rPois    .         Reflect  .   (helmet restricted)
rElec    .         Harm     .   (no cloak)
rCorr    .         Rampage  .   (gloves unavailable)
Will     .....                  (boots unavailable)
Stlth    +.........             (no amulet)
HPRegen  0.13/turn              k - ring of protection from cold
MPRegen  0.09/turn              (no ring)

@: lethally poisoned (-2 -> -8), attractive
A: large, unfitting armour, tough skin 1
a: no special abilities


You were on level 2 of the Dungeon.
You visited 1 branch of the dungeon, and saw 2 of its levels.

You collected 43 gold pieces.

Inventory:

Hand Weapons
 a - a +0 mace (weapon)
 b - a +0 hand crossbow
Missiles
 c - 22 bolts
 i - 7 curare-tipped darts
 j - 16 stones
Armour
 e - a +0 robe (worn)
Jewellery
 k - a ring of protection from cold (left hand)
Scrolls
 d - 2 scrolls of identify
 g - a scroll of noise {unknown}
 h - a scroll of remove curse {unknown}
 l - a scroll of random uselessness {unknown}
 n - a scroll of amnesia {unknown}
Potions
 m - a potion of heal wounds {unknown}


   Skills:
 * Level 4.0 Fighting
 - Level 2.0 Maces & Flails
 - Level 1.0 Throwing
 - Level 1.0 Dodging
 - Level 1.0 Shields
 + Level 1.2 Spellcasting
 - Level 1.8 Fire Magic
 - Level 1.0 Ice Magic


You had 3 spell levels left.
You knew the following spells:

 Your Spells              Type           Power        Failure   Level
e - Foxfire               Conj/Fire      8%           22%         1

Your spell library contained the following spells:

 Spells                   Type           Power        Failure   Level
 Conjure Flame            Conj/Fire      2%           54%         3
 Inner Flame              Hex/Fire       2%           54%         3
 Sticky Flame             Conj/Fire      2%           91%         4
 Fireball                 Conj/Fire      1%           99%         5


Dungeon Overview and Level Annotations

Branches:
Dungeon (2/15)

Altars:

Annotations:
D:2 Jessica


Innate Abilities, Weirdness & Mutations

You are too large for most types of armour.
You have tough skin. (AC +1)


Message History

The adder is almost dead.
You feel sick. The adder barely misses you. Jessica casts a spell at you.
You resist with some effort.
You hit the adder.
You kill the adder!
You feel sick.
Jessica gestures wildly while chanting.
Jessica blinks!
The dart slug launches a dart at you. The slug dart hits you!
Your magical contamination has completely faded away.
Jessica is pulled toward you! The dart slug is pulled toward you!
Your Fighting skill increases to level 4!
You hit the dart slug but do no damage.
You feel sick. The dart slug bites you.
* * * LOW HITPOINT WARNING * * *
You hit the dart slug but do no damage.
You feel sick. Jessica casts a spell at you. Pain shoots through your body!
You die...

#......# #.#.# #.#
#.####.# #.#.# #.#
#.#..#.###'#'#####.#
#.#..#.#.....†...#.#
#..............).#.#
#..###.#.........'.#
#......#.........###
#.###################
#............@w......
##########....@....##
#...........
+...........
#..........#
#..........#
#...#####..#
##..#AS.#...


You could see an angel (mute), an adder, a dart slug and Jessica.

Vanquished Creatures
  An adder (D:2)
  A dart slug (D:1)
  A leopard gecko (D:1)
  4 giant cockroaches (D:1)
  2 goblins (D:1)
  2 hobgoblins (D:1)
  3 kobolds (D:1)
  A bat (D:1)
  2 frilled lizards
  3 rats (D:1)
20 creatures vanquished.

Vanquished Creatures (others)
  8 foxfires
8 creatures vanquished.

Grand Total: 28 creatures vanquished

Notes
Turn   | Place    | Note
-------+----------+-------------------------------------------
     0 | D:1      | FishyPogo the Ogre Wanderer began the quest for the Orb.
     0 | D:1      | FishyPogo set off with the following items: a +0 hand
                  | crossbow, 22 bolts, a +0 mace, a +0 robe; and the following
                  | spell memorised: Foxfire; and the following spells
                  | available to memorise: Conjure Flame, Inner Flame, Sticky
                  | Flame, Fireball
     0 | D:1      | Reached XP level 1. HP: 22/22 MP: 1/1
   291 | D:1      | Reached skill level 3 in Fighting
   291 | D:1      | Reached XP level 2. HP: 28/31 MP: 2/2
   978 | D:1      | Reached skill level 1 in Spellcasting
  1259 | D:2      | Reached XP level 3. HP: 39/39 MP: 4/4
  1320 | D:2      | Noticed Jessica
  1321 | D:2      | Noticed an angel
  1334 | D:2      | Reached skill level 4 in Fighting
  1335 | D:2      | Killed from afar by Jessica

Illustrated notes

Levels and vault maps discovered:
D:1:      lightli_arrival_lavapool, layout_basic, corexii_leaking_fountain
D:2:      layout_basic, tso_oasis_becter, nicolae_overflow_crystal_walls,
          grunt_temple_overflow_order_and_chaos_1, uniq_jessica, uniq_sigmund

Skill      XL: |  1  2  3 |
---------------+----------+-----
Fighting       | 3 4 |  4.0
Maces & Flails | 2 |  2.0
Spellcasting   | 1 |  1.2
Throwing       | |  1.0
Dodging        | |  1.0
Shields        | |  1.0
Fire Magic     | |  1.8
Ice Magic      | |  1.0

Action                   || total
-------------------------++-------
Melee: Mace              ||    61
 Cast: Foxfire           ||     6
  Use: Scroll            ||     1
       Potion            ||     1
Armor: Robe              ||    32
Dodge: Dodged            ||    38
